 Dungeon Crawl Stone Soup version 0.19.0-19-g8c6edcc (webtiles) character file.

253 Mysteryquy the Chopper (level 5, -2/45 HPs)
             Began as a Minotaur Fighter on Nov 12, 2016.
             Slain by a gnoll
             ... wielding a +0 halberd
              (5 damage)
             ... on level 4 of the Dungeon.
             The game lasted 00:03:05 (2502 turns).

Mysteryquy the Chopper (Minotaur Fighter)           Turns: 2502, Time: 00:03:05

Health: -2/45      AC:  9    Str: 22    XL:     5   Next: 90%
Magic:  4/4        EV:  7    Int:  5    God:
Gold:   129        SH:  9    Dex:  9    Spells: 0 memorised, 4 levels left

rFire  . . .     SeeInvis +     a - +0 war axe
rCold  . . .     Gourm    .     b - +0 scale mail
rNeg   . . .     Faith    .     c - +0 shield
rPois  .         Spirit   .     (helmet restricted)
rElec  .         Reflect  .     (no cloak)
rCorr  .         Harm     .     n - +0 pair of gloves
MR     .....                    p - +0 pair of boots (curse)
Stlth  ..........               (no amulet)
                                (no ring)
                                g - ring of see invisible

@: glowing
A: retaliatory headbutt, horns 2
a: no special abilities


You were on level 4 of the Dungeon.
You were not hungry.

You visited 1 branch of the dungeon, and saw 4 of its levels.

You collected 129 gold pieces.

Inventory:

Hand Weapons
 a - a +0 war axe (weapon)
Armour
 b - a +0 scale mail (worn)
 c - a +0 shield (worn)
 n - a +0 pair of gloves (worn)
 p - a cursed +0 pair of boots (worn)
Jewellery
 g - a ring of see invisible (left hand)
Scrolls
 e - a scroll of fog {unknown}
 h - 4 scrolls of identify {unknown}
 j - 2 scrolls of teleportation {unknown}
 l - 4 scrolls of magic mapping {unknown}
 o - 2 scrolls of recharging {unknown}
 q - a scroll of blinking {unknown}
 r - a scroll of amnesia {unknown}
Potions
 d - a potion of might
 i - a potion of flight {unknown}
 s - 2 potions of degeneration {unknown}
 t - a potion of brilliance {unknown}
Comestibles
 f - 6 bread rations
 k - a meat ration
 m - a slice of pizza


   Skills:
 - Level 3.6 Fighting
 + Level 7.5 Axes
 - Level 3.6 Armour
 - Level 3.6 Shields


You had 4 spell levels left.
You didn't know any spells.

Dungeon Overview and Level Annotations

Branches:
Dungeon (4/15)
 Temple: D:4-7

Altars:


Innate Abilities, Weirdness & Mutations

You reflexively headbutt those who attack you in melee.
You have a pair of horns on your head.


Message History

You block the gnoll's attack. The gnoll hits you.
You closely miss the gnoll.
The gnoll is moderately wounded.
You block the gnoll's attack. x2
You hit the gnoll. You headbutt the gnoll.
The gnoll is almost dead.
The gnoll hits you!
The gnoll hits you from afar with a halberd.
You closely miss the gnoll.
The gnoll is severely wounded.
You block the gnoll's attack.
The gnoll hits you from afar with a halberd!
* * * LOW HITPOINT WARNING * * *
You closely miss the gnoll. You headbutt the gnoll.
You kill the gnoll!
You block the gnoll's attack. You block the gnoll's attack.
The gnoll hits you but does no damage.
Items here: ( )))) [ ††† The gnoll hits you from afar with a halberd.
You die...

######## #......#
####..# #.####.#
#......#####.####.#
.....>.+..##.#....#
#...... #.##.#.#### ####
#...... #....#.# ....
#...... #....#.###..####
#......##......@)gg..!..
#........#.#########
#.....<.......
#........####.###
............ #.#
#####....###.#.# .......
... ######## #.. .


You could see 2 gnolls.

Vanquished Creatures
  The ghost of Rrauwl the Digger, a weakling GrEE (D:3)
  An orc wizard (D:3)
  A gnoll shaman (D:4)
  3 gnolls (D:4)
  4 adders
  4 dart slugs
  3 leopard geckos
  10 orcs
  3 giant cockroaches
  14 goblins
  8 hobgoblins
  6 jackals
  3 kobolds
  2 quokkas
  6 bats
  A frilled lizard (D:2)
  A quokka skeleton (D:4)
  4 rats
75 creatures vanquished.

Notes
Turn   | Place    | Note
-------+----------+-------------------------------------------
     0 | D:1      | Mysteryquy the Minotaur Fighter began the quest for the Orb.
     0 | D:1      | Reached XP level 1. HP: 19/19 MP: 0/0
    70 | D:1      | Reached skill level 3 in Axes
   113 | D:1      | Reached XP level 2. HP: 19/26 MP: 1/1
   459 | D:1      | Reached skill level 4 in Axes
   721 | D:2      | Reached XP level 3. HP: 24/31 MP: 2/2
  1267 | D:2      | Reached skill level 5 in Axes
  1447 | D:3      | Reached XP level 4. HP: 35/39 MP: 3/3
  1470 | D:3      | Noticed Rrauwl's ghost (weakling GrEE)
  1502 | D:2      | Reached skill level 6 in Axes
  1594 | D:3      | Killed Rrauwl's ghost
  1594 | D:3      | Reached XP level 5. HP: 24/45 MP: 4/4
  2475 | D:4      | Reached skill level 7 in Axes
  2502 | D:4      | Slain by a gnoll

Skill      XL: |  1  2  3  4  5 |
---------------+----------------+-----
Axes           | 3 4 5 6 7 |  7.5
Fighting       | |  3.6
Armour         | |  3.6
Shields        | |  3.6

Action                   |  1- 3 |  4- 6 || total
-------------------------+-------+-------++-------
Melee: War axe           |    77 |   117 ||   194
       Headbutt          |    10 |    16 ||    26
  Eat: Chunk             |     1 |     4 ||     5
Armor: Scale mail        |    39 |    39 ||    78
Dodge: Dodged            |    22 |    37 ||    59
Block: Shield            |    43 |    71 ||   114
